 Dungeon Crawl Stone Soup version 0.18.1-5-g4a78601 (webtiles) character file.

371 Charly the Poker (level 6, -2/46 HPs)
             Began as a Merfolk Skald on May 11, 2016.
             Was an Initiate of Cheibriados.
             Slain by a centaur (7 damage)
             ... on level 6 of the Dungeon.
             The game lasted 00:22:56 (1345 turns).

Charly the Poker (Merfolk Skald)                    Turns: 1345, Time: 00:22:57

Health: -2/46      AC:  3    Str: 13    XL:     6   Next: 71%
Magic:  2/9        EV: 13    Int: 15    God:    Cheibriados [......]
Gold:   143        SH:  0    Dex: 14    Spells: 4 memorised, 0 levels left

rFire  . . .     SeeInvis .     j - +0 spear (pain)
rCold  . . .     Gourm    .     f - +1 robe {rN+}
rNeg   + . .     Faith    .     (no shield)
rPois  .         Spirit   .     (no helmet)
rElec  .         Dismiss  .     (no cloak)
rCorr  .         Reflect  .     (no gloves)
SustAt .         Harm     .     (no boots)
MR     .....                    r - amulet of rage
Stlth  +.........               (no ring)
                                (no ring)

@: lethally poisoned (-2 -> -4), very slightly contaminated, very slow, not
resistant to hostile enchantments, very unstealthy
A: change form in water, swift swim
a: Bend Time, Renounce Religion, Evoke Berserk Rage


You were on level 6 of the Dungeon.
You worshipped Cheibriados.
Cheibriados was noncommittal.
You were not hungry.

You visited 2 branches of the dungeon, and saw 7 of its levels.

You collected 143 gold pieces.

Inventory:

Hand Weapons
 j - a +0 spear of pain (weapon)
Missiles
 i - 7 poisoned needles
Armour
 f - a +1 robe of positive energy (worn)
 q - a +3 chain mail of fire resistance
Jewellery
 r - an amulet of rage (around neck)
Wands
 u - a wand of iceblast (4/15)
Scrolls
 b - a scroll of magic mapping {unknown}
 h - 4 scrolls of identify {unknown}
 n - 2 scrolls of teleportation {unknown}
 o - a scroll of random uselessness {unknown}
 p - 3 scrolls of remove curse {unknown}
 t - a scroll of fear {unknown}
Potions
 e - a potion of haste {unknown}
 g - a potion of curing
 k - a potion of might {unknown}
 m - a potion of agility {unknown}
 s - a potion of ambrosia {unknown}
Books
 c - a book of Battle

   Spells                             Type                      Level
   a - Infusion                       Charms                       1
   b - Shroud of Golubria             Charms/Translocation         2
   c - Song of Slaying                Charms                       2
   d - Spectral Weapon                Hexes/Charms                 3
   e - Regeneration                   Charms/Necromancy            3
Comestibles
 d - 4 bread rations
 l - 3 meat rations


   Skills:
 + Level 2.5 Fighting
 * Level 7.7 Polearms
 - Level 0.6 Armour
 + Level 3.2 Dodging
 - Level 2.0 Spellcasting
 - Level 5.0 Charms
 - Level 0.2 Evocations


You couldn't memorise any spells.
You knew the following spells:

 Your Spells              Type           Power        Failure   Level  Hunger
g - Shroud of Golubria    Chrm/Tloc      #.........   12%         2    ###....
i - Infusion              Chrm           ###.         2%          1    #......
r - Regeneration          Chrm/Necr      #.........   24%         3    ###....
w - Spectral Weapon       Hex/Chrm       #.......     24%         3    ###....


Dungeon Overview and Level Annotations

Branches:
Dungeon (6/15)             Temple (1/1) D:5

Altars:
Ashenzari
Cheibriados
Elyvilon
Fedhas
Gozag
Kikubaaqudgha
Makhleb
Nemelex Xobeh
Okawaru
Pakellas
Qazlal
Ru
Sif Muna
Trog
Vehumet
Xom
Yredelemnul
The Shining One

Annotations:
D:4 Zhenya25pyc's ghost, amateur GrFi
D:6 2 exclusions


Message History

* * * LOW HITPOINT WARNING * * *
Unknown command.
You hit the hound.
You kill the hound!
Cheibriados thoroughly appreciates the change of pace.
You feel sick.
The centaur shoots an arrow.
The arrow barely misses you.
The centaur unwields an uncursed shortbow.
The centaur barely misses you. The centaur closely misses you.
Things that are here:
a worker ant corpse; an adder corpse Evoke which item? (* to show all) (? for menu, Esc to quit)
Zapping:
u - a wand of iceblast (will waste charges)
Press: ? - help, Shift-Dir - straight line The mass of ice explodes!
The iceblast engulfs the centaur.
The centaur is severely wounded.
Evoking this partially-identified wand wasted a few charges.
You feel sick.
You hear a shout! x2
The centaur drinks a potion.
The centaur is healed!
The centaur hits you!
You die...

#.# #.# .#.####
#.#######./.....
#...............
#########.#######.....
.<........# ....
#########.## ..# .
####...######..#....
.......(....(@c......
####....##########Y..
#.#.## #.#.# #.#..
#.#.. #.


You could see an ice beast and a centaur.

Vanquished Creatures
  A scorpion (D:5)
  A crimson imp (D:6)
  A hound (D:6)
  An orc priest (D:6)
  Jessica (D:2)
  4 worker ants
  A hound zombie (D:6)
  4 adders
  2 adder skeletons
  An adder zombie (D:3)
  2 worms
  A dart slug (D:3)
  A giant gecko (D:5)
  8 orcs
  2 ball pythons
  4 bats
  A giant cockroach (D:3)
  2 goblins
  A hobgoblin (D:1)
  2 quokkas
  2 giant newts (D:1)
  2 kobolds (D:3)
  A quokka skeleton (D:4)
  A rat (D:3)
47 creatures vanquished.

Notes
Turn   | Place    | Note
--------------------------------------------------------------
     0 | D:1      | Charly the Merfolk Skald began the quest for the Orb.
     0 | D:1      | Reached XP level 1. HP: 16/16 MP: 3/3
    75 | D:1      | Reached XP level 2. HP: 18/22 MP: 1/5
    86 | D:2      | Noticed Jessica
    97 | D:2      | Killed Jessica
    97 | D:2      | Reached skill level 4 in Polearms
    97 | D:2      | Reached XP level 3. HP: 24/27 MP: 0/6
   102 | D:2      | Learned a level 3 spell: Spectral Weapon
   114 | D:2      | 34%
   327 | D:3      | Reached XP level 4. HP: 16/33 MP: 1/7
   360 | D:3      | Learned a level 3 spell: Regeneration
   497 | D:3      | Reached skill level 5 in Polearms
   680 | D:4      | Reached XP level 5. HP: 34/38 MP: 0/8
   760 | D:4      | Reached skill level 5 in Charms
   782 | D:4      | Noticed Zhenya25pyc's ghost (amateur GrFi)
   807 | D:5      | Entered Level 5 of the Dungeon
   838 | D:6      | Noticed a centaur
   981 | D:6      | Reached skill level 6 in Polearms
  1055 | D:5      | Reached XP level 6. HP: 44/44 MP: 4/9
  1057 | D:5      | Found a staircase to the Ecumenical Temple.
  1065 | Temple   | Entered the Ecumenical Temple
  1092 | Temple   | Became a worshipper of Cheibriados the Contemplative
  1111 | D:5      | Learned a level 2 spell: Shroud of Golubria
  1196 | D:6      | Reached skill level 7 in Polearms
  1199 | D:6      | Noticed an orc warrior
  1345 | D:6      | Slain by a centaur

Skill      XL: |  1  2  3  4  5  6 |
---------------+-------------------+-----
Polearms       | 4 5 6 7 |  7.7
Charms         | 4 5 |  5.0
Dodging        | 2 3 |  3.2
Fighting       | |  2.5
Armour         | |  0.6
Spellcasting   | |  2.0
Evocations     | |  0.2

Action                   |  1- 3 |  4- 6 || total
-------------------------+-------+-------++-------
Melee: Spear             |    51 |   128 ||   179
 Cast: Infusion          |     5 |     2 ||     7
       Spectral Weapon   |     3 |    10 ||    13
       Regeneration      |       |     4 ||     4
 Abil: Evoke Berserk Rag |       |     1 ||     1
Evoke: Wand              |       |     1 ||     1
 Stab: Sleeping          |     1 |       ||     1
  Eat: Beef jerky        |     1 |       ||     1
       Pizza             |       |     1 ||     1
       Royal jelly       |       |     2 ||     2
Armor: Leather armour    |     3 |       ||     3
       Robe              |     2 |    11 ||    13
Dodge: Dodged            |    14 |    50 ||    64
